 Dungeon Crawl Stone Soup version 0.30.1-3-gfc49f6343a (webtiles) character file.

Game seed: 15599606591643098750

2023 Mickster the Cleaver (level 9, -7/84 HPs)
             Began as a Hill Orc Berserker on Aug 7, 2023.
             Was a Believer of Trog.
             Mangled by a boulder beetle (19 damage)
             ... on level 7 of the Dungeon.
             The game lasted 00:57:39 (4567 turns).

Mickster the Cleaver (Hill Orc Berserker)           Turns: 4567, Time: 00:57:40

Health: -7/84      AC: 15    Str: 24    XL:     9   Next: 23%
Magic:  9/9        EV:  7    Int: 13    God:    Trog [**....]
Gold:   321        SH:  0    Dex: 10    Spells: 8/8 levels left

rFire   + . .        i - +3 broad axe
rCold   . . .        (no shield)
rNeg    . . .        y - +0 plate armour
rPois   +            m - +0 helmet
rElec   .            j - +1 cloak
rCorr   .            (no gloves)
SInv    .            (no boots)
Will    .....        f - amulet of regeneration Stlth
                     q - +6 ring of intelligence
HPRegen 1.14/turn    A - ring of poison resistance
MPRegen 0.11/turn

%: no passive effects
@: on berserk cooldown, slowed, very slow
A: fire resistance 1, robust 1
a: Renounce Religion, Berserk, Trog's Hand


You were on level 7 of the Dungeon.
You worshipped Trog.
Trog was pleased with you.
You visited 1 branch of the dungeon, and saw 7 of its levels.

You collected 321 gold pieces.

Inventory:

Hand Weapons
 a - a +0 hand axe
 g - a +2 quarterstaff of chaos
 i - a +3 broad axe (weapon)
Missiles
 b - 7 poisoned darts (quivered)
 s - 2 throwing nets
Armour
 j - a +1 cloak (worn)
 m - a +0 helmet (worn)
 t - a +0 chain mail
 y - a +0 plate armour (worn)
Jewellery
 f - an amulet of regeneration (around neck)
 q - a +6 ring of intelligence (left hand)
 v - an amulet of guardian spirit
 w - a ring of resist corrosion
 A - a ring of poison resistance (right hand)
Wands
 e - a wand of flame (15)
Scrolls
 k - a scroll of enchant weapon
 l - 2 scrolls of amnesia
 n - 3 scrolls of magic mapping
 o - a scroll of teleportation
 r - a scroll of poison
Potions
 c - 3 potions of flight
 d - 3 potions of curing
 h - a potion of might
 p - a potion of mutation
 u - 4 potions of lignification {unknown}
 x - 2 potions of heal wounds
 z - a potion of invisibility {unknown}


   Skills:
 + Level 6.3 Fighting
 * Level 13.4 Axes
 + Level 4.7 Armour
 + Level 2.2 Dodging
 + Level 0.6 Stealth


You had 8 spell levels left.
You didn't know any spells.
Your spell library was empty.

Dungeon Overview and Level Annotations

Branches:
Dungeon (7/15)             Temple (0/1) D:5

Altars:
Uskayaw
Wu Jian
Zin

Shops:
D:1 (   D:7 :


Innate Abilities, Weirdness & Mutations

Your flesh is heat resistant. (rF+)
You are robust. (+10% HP)


Message History

You slice the jelly!!
You kill the jelly!
Trog accepts your kill.
n - 3 scrolls of magic mapping (gained 1)
Found a stone staircase leading down.
There is a stone staircase leading down here.
Found a stone staircase leading down.
Found a granite statue.
A boulder beetle comes into view.
The boulder beetle leaps!
The boulder beetle bites you. The boulder beetle bites you!
A red film seems to cover your vision as you go berserk!
You feel yourself moving faster!
You feel mighty!
The boulder beetle leaps!
You feel a strong urge to attack something.
The boulder beetle curls into a ball and begins rolling!
You feel your anger nearly subside.
You are no longer berserk.
You are exhausted.
You feel yourself slow down. The boulder beetle hits you!!
The boulder beetle stops rolling and uncurls.
The boulder beetle bites you but does no damage.
You hit the boulder beetle.
The boulder beetle is lightly wounded.
The boulder beetle bites you.
You hit the boulder beetle but do no damage.
The boulder beetle waves its antennae.
The boulder beetle leaps!
The boulder beetle curls into a ball and begins rolling!
The boulder beetle hits you!!!
* * * LOW HITPOINT WARNING * * *
The boulder beetle stops rolling and uncurls.
You hit the boulder beetle.
The boulder beetle is lightly wounded.
The boulder beetle barely misses you. The boulder beetle closely misses you.
You hit the boulder beetle but do no damage.
The boulder beetle is lightly wounded.
The boulder beetle bites you!!
You die...

#....#.......# #.. # #.#
#.##.##.####.# ### .# #.#
#.......# #.# ###.# #.#
####.#### #.. #... #.# ##
#.# #.# ###.# ###.# .###.#.
#.#####...###...#
.....#..####.......#......##
.#.#.# #...#.......#......#
...#.# #.....#..@.##......#
...#.# #...#.#.#B.####..###
.....#..####.#.#..##...##
.#####. #...#..##.###
.###### #.###.....# ......#
#.. ##...## ......#
##.......# ......# ###...#.#
......# #.>##.#


You could see a boulder beetle.

Vanquished Creatures
  2 water moccasins
  An acid dragon (D:5)
  2 black bears
  An ice beast (D:7)
  An orc warrior (D:5)
  The ghost of jtron the Grave Robber, an amateur HuWn (D:4)
  2 ogres (D:5)
  3 centaurs
  3 phantoms
  A scorpion (D:5)
  3 howler monkeys (D:5)
  An orc priest (D:5)
  A hound (D:5)
  3 jellies
  A gnoll bouda (D:5)
  Crazy Yiuf (D:2)
  2 iguanas
  2 orc wizards
  2 adders
  4 gnolls
  2 white imps
  2 worms
  A dart slug (D:5)
  16 orcs
  3 ball pythons (D:1)
  5 endoplasms
  6 giant cockroaches
  4 goblins
  5 hobgoblins
  4 kobolds
  4 quokkas
  4 bats
  2 frilled lizards
  8 rats
103 creatures vanquished.

Notes
Turn   | Place    | Note
-------+----------+-------------------------------------------
     0 | D:1      | Mickster the Hill Orc Berserker began the quest for the
                  | Orb.
     0 | D:1      | Reached XP level 1. HP: 19/19 MP: 1/1
    90 | D:1      | Reached XP level 2. HP: 27/27 MP: 2/2
   527 | D:1      | Reached XP level 3. HP: 33/33 MP: 3/3
   689 | D:1      | Found Ameebydaa's Weapon Boutique.
   726 | D:1      | Reached ** piety under Trog
   852 | D:2      | Reached skill level 5 in Axes
  1119 | D:2      | Found a runed translucent door.
  1120 | D:2      | Noticed Crazy Yiuf
  1129 | D:2      | Killed Crazy Yiuf
  1130 | D:2      | Reached XP level 4. HP: 40/40 MP: 4/4
  1232 | D:2      | Reached skill level 6 in Axes
  1277 | D:2      | Found a faded altar of an unknown god.
  1731 | D:3      | Noticed a black bear
  1743 | D:3      | Killed a black bear
  1744 | D:3      | Reached skill level 7 in Axes
  1744 | D:3      | Reached XP level 5. HP: 47/47 MP: 5/5
  2106 | D:4      | Found a glowing silver altar of Zin.
  2165 | D:4      | Found a runed translucent gate.
  2165 | D:4      | Found a runed translucent gate.
  2166 | D:4      | Found a runed translucent gate.
  2169 | D:4      | Noticed jtron's ghost (amateur HuWn)
  2176 | D:4      | Killed jtron's ghost
  2177 | D:4      | Reached XP level 6. HP: 53/53 MP: 6/6
  2219 | D:4      | Reached skill level 8 in Axes
  2803 | D:5      | Entered Level 5 of the Dungeon
  2934 | D:5      | Found a hide-covered altar of Uskayaw.
  2939 | D:5      | Reached XP level 7. HP: 55/60 MP: 7/7
  3040 | D:5      | Found a staircase to the Ecumenical Temple.
  3076 | D:5      | Found an ornate altar of the Wu Jian Council.
  3099 | D:5      | Reached skill level 9 in Axes
  3235 | D:5      | Gained mutation: Your flesh is heat resistant. (rF+)
                  | [potion of mutation]
  3235 | D:5      | Gained mutation: You are robust. (+10% HP) [potion of
                  | mutation]
  3250 | D:5      | Reached skill level 5 in Fighting
  3265 | D:5      | Reached skill level 10 in Axes
  3300 | D:5      | Reached XP level 8. HP: 74/74 MP: 8/8
  3412 | D:5      | Reached skill level 11 in Axes
  3575 | D:5      | Reached skill level 12 in Axes
  3703 | D:5      | Reached XP level 9. HP: 75/82 MP: 9/9
  3906 | D:6      | Identified the +2 robe of Fedhas's Whim {Dex+2 Stlth+}
  4215 | D:7      | Found Zimaym's Book Boutique.
  4333 | D:7      | Reached skill level 13 in Axes
  4548 | D:7      | Noticed a boulder beetle
  4567 | D:7      | Mangled by a boulder beetle

Illustrated notes

Levels and vault maps discovered:
D:1:      evilmike_arrival_fibonacci_small, layout_basic, serial_shops,
          nicolae_shop_tiny_real_fake_doors, chequers_serial_rivers_micro_b,
          minmay_pentomino_p2
D:2:      layout_basic, shapermc_ecumenical_altar_rom_forum,
          uniq_crazy_yiuf_cottage
D:3:      layout_rooms, general_overflow_altar, minivault_23
D:4:      layout_loops_corners, zin_scriptorium, ebering_ghost_rock_garden
D:5:      kennysheep_windowed_halls, layout_basic,
          mainiacjoe_overflow_concentric_impassable,
          nicolae_uskayaw_murder_on_the_dancefloor, minmay_temple_entry_wispy,
          uniq_menkaure
D:6:      minmay_klotski, layout_cave_pods, trog_hazing_becter
D:7:      minmay_blocky_corners, layout_basic, serial_shops,
          nicolae_shop_peninsula, guppyfry_early_elven_hall

Skill      XL: |  1  2  3  4  5  6  7  8  9 |
---------------+----------------------------+-----
Fighting       | 4 5 6 |  6.3
Axes           | 5 7 8 10 12 13 | 13.4
Armour         | 3 4 |  4.7
Dodging        | 2 |  2.2
Stealth        | |  0.6

Action                     |  1- 3 |  4- 6 |  7- 9 || total
---------------------------+-------+-------+-------++-------
  Melee: Hand axe          |    23 |       |       ||    23
         Broad axe         |    59 |    63 |   122 ||   244
         Punch             |       |       |     3 ||     3
 Invoke: Berserk           |     3 |     4 |     7 ||    14
         Trog's Hand       |     1 |     1 |     3 ||     5
    Use: Scroll            |     4 |     8 |     2 ||    14
         Potion            |     1 |       |     1 ||     2
 Armour: Animal skin       |     3 |       |       ||     3
         Leather armour    |    18 |       |       ||    18
         Scale mail        |     4 |    59 |     1 ||    64
         Chain mail        |       |       |    36 ||    36
         Plate armour      |       |       |    35 ||    35
  Dodge: Dodged            |    61 |    44 |    52 ||   157
